 Dungeon Crawl Stone Soup version 0.29.1-2-gbd0b4ee654 (webtiles) character file.

Game seed: 16129575371333674408

10 Ivernyr the Sneak (level 2, -1/22 HPs)
             Began as a Naga Enchanter on Oct 29, 2022.
             Frozen to death by an endoplasm (3 damage)
             ... on level 1 of the Dungeon.
             The game lasted 00:00:48 (223 turns).

Ivernyr the Sneak (Naga Enchanter)                   Turns: 223, Time: 00:00:49

Health: -1/22      AC:  1    Str: 10    XL:     2   Next: 20%
Magic:  1/5        EV:  9    Int: 15    God:
Gold:   18         SH:  0    Dex: 11    Spells: 3/5 levels left

rFire   . . .      SeeInvis +   a - +1 dagger
rCold   . . .      Faith    .   (no shield)
rNeg    . . .      Spirit   .   b - +0 robe
rPois   +          Reflect  .   (no helmet)
rElec   .          Harm     .   (no cloak)
rCorr   .          Rampage  .   (no gloves)
Will    .....                   (no barding)
Stlth   +++.......              (no amulet)
HPRegen 0.07/turn               (no ring)
MPRegen 0.09/turn               (no ring)

@: very slow
A: AC +0, large, see invisible, deformed body, poison resistance, slowness 2,
spit poison 1, naga tail 1
a: Spit Poison


You were on level 1 of the Dungeon.
You visited 1 branch of the dungeon, and saw 1 of its levels.

You collected 18 gold pieces.

Inventory:

Hand Weapons
 a - a +1 dagger (weapon)
Armour
 b - a +0 robe (worn)
Scrolls
 d - a scroll of poison {unknown}
 e - a scroll of amnesia {unknown}
 f - a scroll of fear {unknown}
Potions
 c - 2 potions of invisibility


   Skills:
 + Level 1.2 Short Blades
 - Level 1.5 Dodging
 * Level 4.9 Stealth
 + Level 2.1 Spellcasting
 + Level 3.1 Hexes


You had 3 spell levels left.
You knew the following spells:

 Your Spells              Type           Power      Damage    Failure   Level
a - Ensorcelled Hibernat  Hex/Ice        12%        N/A       17%         2

Your spell library contained the following spells:

 Spells                   Type           Power      Damage    Failure   Level
 Confusing Touch          Hex            11%        N/A       19%         3
 Tukima's Dance           Hex            11%        N/A       19%         3
 Dazzling Flash           Conj/Hex       12%        N/A       34%         3


Dungeon Overview and Level Annotations

Branches:
Dungeon (1/15)

Altars:


Innate Abilities, Weirdness & Mutations

Your serpentine skin is tough. (AC +0)
You have supernaturally acute eyesight. (SInv)
Armour fits poorly on your strangely shaped body.
Your system is resistant to poisons. (rPois)
You cover ground very slowly.
You can spit poison.
You have a snake-like lower body.


Message History

You now have 18 gold pieces.
Found a stone staircase leading down.
An endoplasm comes into view.
An endoplasm is nearby!
A kobold comes into view. It is wielding a +0 dagger.
Found a faded altar of an unknown god.
The kobold shouts!
The kobold barely misses you.
You hit the kobold but do no damage. The kobold misses you.
Casting: Ensorcelled Hibernation (safe; 17% risk of failure)
Confirm with . or Enter, or press ? or * to list all spells.
Aiming: Ensorcelled Hibernation (safe; 17% risk of failure)
Press: ? - help, Shift-Dir - straight line, f - kobold
Aim: a kobold, wielding a +0 dagger (chance to affect: 57%)
The kobold resists with significant effort.
The kobold closely misses you.
Casting: Ensorcelled Hibernation (safe; 17% risk of failure)
Confirm with . or Enter, or press ? or * to list all spells.
Aiming: Ensorcelled Hibernation (safe; 17% risk of failure)
Press: ? - help, Shift-Dir - straight line, f/p - kobold
Aim: a kobold, wielding a +0 dagger (chance to affect: 57%)
The kobold resists with significant effort.
The endoplasm hits you. The kobold completely misses you.
You barely miss the kobold. The endoplasm closely misses you.
The kobold hits you with a +0 dagger.
You hit the kobold but do no damage. The endoplasm hits you.
The kobold hits you with a +0 dagger.
You miss the kobold. The endoplasm freezes you.
You are frozen.
The kobold hits you with a +0 dagger.
You closely miss the kobold. The endoplasm hits you.
The kobold hits you but does no damage.
You hit the kobold but do no damage. The endoplasm hits you.
* * * LOW HITPOINT WARNING * * *
The kobold hits you with a +0 dagger.
* * * LOW HITPOINT WARNING * * *
You closely miss the kobold. The endoplasm freezes you.
You are frozen.
You die...

...........###
#.######
.[.........# #.#
...........# #.#
#.##.......# ...
#######.# ...
#####.####...#
#.####.#.....###.##
#....K#......# ###
#...@......#
#.##J#.....#
#.#.....# ..>...###
........#
...##.##.# .... ...
.. #.#.. _. ##


You could see an endoplasm and a kobold.

Vanquished Creatures
  A dart slug (D:1)
  An endoplasm (D:1)
  2 goblins (D:1)
  A bat (D:1)
  4 rats (D:1)
9 creatures vanquished.

Notes
Turn   | Place    | Note
-------+----------+-------------------------------------------
     0 | D:1      | Ivernyr the Naga Enchanter began the quest for the Orb.
     0 | D:1      | Reached XP level 1. HP: 15/15 MP: 3/3
   154 | D:1      | Reached XP level 2. HP: 22/22 MP: 5/5
   169 | D:1      | Learned a level 2 spell: Ensorcelled Hibernation
   213 | D:1      | Found a faded altar of an unknown god.
   223 | D:1      | Frozen to death by an endoplasm

Illustrated notes

Levels and vault maps discovered:
D:1:      amcnicky_arrival_blooded_trapdoor, layout_loops_cross,
          ebering_ecumenical_altar_box, minivault_23, minivault_11,
          lexackson_kobold_supper

Action                   || total
-------------------------++-------
Melee: Dagger            ||    22
 Cast: Ensorcelled Hiber ||     2
 Abil: Spit Poison       ||     2
 Stab: Sleeping          ||     1
Armor: Robe              ||     3
Dodge: Dodged            ||    10
